 Dungeon Crawl Stone Soup version 0.32-a0-576-g706899e69d (webtiles) character file.

Game seed: 9539599122889389402

215 cforsyth the Grave Robber (level 5, -4/46 HPs)
             Began as a Mountain Dwarf Necromancer on Mar 2, 2024.
             Slain by a gnoll
             ... wielding a +0 spear
              (7 damage)
             ... on level 3 of the Dungeon.
             The game lasted 00:04:55 (3040 turns).

cforsyth the Grave Robber (MDNe)                    Turns: 3040, Time: 00:04:55

Health: -4/46      AC:  3    Str: 11    XL:     5   Next: 60%
Magic:  11/16      EV: 11    Int: 17    God:
Gold:   174        SH:  0    Dex: 10    Spells: 6/7 levels left

rFire   . . .        j - +2 falchion (pain)
rCold   . . .        (no shield)
rNeg    . . .        a - +0 robe
rPois   .            (no helmet)
rElec   .            (no cloak)
rCorr   .            (no gloves)
SInv    .            f - +0 pair of boots
Will    .....        (no amulet)
Stlth   ++           M - ring of magical power
HPRegen 0.27/turn    (no ring)
MPRegen 0.15/turn

%: no passive effects
@: attractive, hasted, very quick
A: runic magic, artefact enchanting
a: no special abilities


You were on level 3 of the Dungeon.
You visited 1 branch of the dungeon, and saw 3 of its levels.

You collected 174 gold pieces.


Innate Abilities, Weirdness & Mutations

Your spellcasting is much less encumbered by armour.
You can use scrolls of enchantment on lesser artefacts.


   Skills:
 + Level 4.1 Fighting
 - Level 1.3 Dodging
 - Level 1.4 Stealth
 - Level 1.7 Spellcasting
 + Level 6.2 Necromancy


You had 6 spell levels left.
You knew the following spells:

 Your Spells              Type           Power      Damage    Failure   Level
X - Necrotise             Necr           88%        1d8       1%          1

Your spell library contained the following spells:

 Spells                   Type           Power      Damage    Failure   Level
 Vampiric Draining        Necr           22%        2d7       4%          3
 Cigotuvi's Dreadful Rot  Necr/Alch/Air  16%        N/A       13%         2
 Animate Dead             Necr           22%        N/A       16%         4
 Apportation              Tloc           2%         N/A       21%         1
 Sting                    Conj/Alch      4%         1d3       21%         1
 Summon Small Mammal      Summ           4%         N/A       21%         1
 Curse of Agony           Necr           22%        N/A       38%         5
 Ignite Poison            Fire/Alch      1%         N/A       89%         4
 Freezing Cloud           Conj/Ice/Air   0%         6-21      99%         5

Inventory:

Hand Weapons
 j - a +2 falchion of pain (weapon)
Armour
 a - a +0 robe (worn)
 f - a +0 pair of boots (worn)
Jewellery
 F - a ring of fire
 M - a ring of magical power (left hand)
Scrolls
 c - a scroll of immolation {unknown}
 d - a scroll of fear {unknown}
 e - a scroll of enchant armour {unknown}
 i - 3 scrolls of fog {unknown}
Potions
 b - a potion of magic

Dungeon Overview and Level Annotations

Branches:
Dungeon (3/15)

Altars:
Elyvilon
Fedhas
Vehumet
Zin

#.#
#.#..######.#
#.#
##.#.....)..)#
#.#
#.....#####..#
#.# #..#.##
#..# #.#
#..#.# #§.#
#.# #..#.#
##..##
#.###..#.#
#.g§.#
#........#
##.g.#
######...#
##@.# #.#.#
#..# #.#.# ..
...# #.#.# .#
###.# #.#.# .#
.# #.#.##.# .#
###....#.# .#
#......#.# .#
####........#


You could see 2 gnolls.


Message History

Casting: Necrotise (safe; 1% risk of failure)
Confirm with . or Enter, or press ? or * to list all spells.
Aiming: Necrotise (safe; 1% risk of failure)
Press: ? - help, Shift-Dir - straight line, f/p - gnoll
Aim: a gnoll, wielding a +0 flail (almost dead, chance to affect: 86%)
The gnoll writhes in agony.
You kill the gnoll!
The dead are walking!
Unknown command.
Unknown command.
The gnoll attacks as it pursues you!
The gnoll hits you from afar with a +0 spear.
* * * LOW HITPOINT WARNING * * *
Your gnoll skeleton hits the gnoll but does no damage.
The gnoll hits your gnoll skeleton with a +0 spear!
The gnoll attacks as it pursues you!
The gnoll hits you from afar with a +0 spear!
* * * LOW HITPOINT WARNING * * *
Your gnoll skeleton hits the gnoll.
The gnoll hits your gnoll skeleton with a +0 spear.
Your gnoll skeleton is destroyed!
It was a potion of attraction.
You feel attractive to monsters.
The gnoll hits you from afar with a +0 spear.
* * * LOW HITPOINT WARNING * * *
The gnoll is attracted toward you. x2
Unknown command.
It was a potion of haste.
You feel yourself speed up. The gnoll hits you with a +0 spear!
You die...

Skill      XL: |  1  2  3  4  5 |
---------------+----------------+-----
Fighting       | 1 2 3 4 |  4.1
Necromancy     | 5 6 |  6.2
Dodging        | |  1.3
Stealth        | |  1.4
Spellcasting   | |  1.7

Action                     |  1- 3 |  4- 6 || total
---------------------------+-------+-------++-------
  Melee: Unarmed           |    10 |       ||    10
         Falchion          |     1 |     1 ||     2
   Cast: Necrotise         |    88 |    55 ||   143
    Use: Potion            |       |     2 ||     2
   Stab: Sleeping          |       |     1 ||     1
 Armour: Robe              |    21 |    21 ||    42
  Dodge: Dodged            |    16 |    16 ||    32

Levels and vault maps discovered:
D:1:      orjb1_clovarrival, layout_basic
D:2:      layout_basic, basic_altar, shapermc_ecumenical_altar_venn,
          amcnicky_mini_pool_small
D:3:      layout_loops_ring, lemuel_coloured_pillars_altar, minitemple,
          minmay_box_of_dots

Notes
Turn   | Place    | Note
-------+----------+-------------------------------------------
     0 | D:1      | cforsyth the Mountain Dwarf Necromancer began the quest for
                  | the Orb.
     0 | D:1      | Reached XP level 1. HP: 14/14 MP: 3/3
    60 | D:1      | Identified a +1 robe of resistance
   174 | D:1      | Reached skill level 1 in Fighting
   184 | D:1      | Reached XP level 2. HP: 23/23 MP: 0/4
   846 | D:2      | Reached skill level 2 in Fighting
   848 | D:2      | Reached XP level 3. HP: 29/29 MP: 5/5
   888 | D:2      | Reached skill level 5 in Necromancy
  1087 | D:2      | Found a faded altar of an unknown god.
  1578 | D:2      | Found a radiant altar of Vehumet.
  2156 | D:3      | Reached XP level 4. HP: 37/37 MP: 6/6
  2226 | D:3      | Found a glowing silver altar of Zin.
  2364 | D:3      | Reached skill level 3 in Fighting
  2654 | D:3      | Reached XP level 5. HP: 41/45 MP: 7/7
  2675 | D:3      | Reached skill level 6 in Necromancy
  2754 | D:3      | Found a blossoming altar of Fedhas.
  2761 | D:3      | Found a white marble altar of Elyvilon.
  2932 | D:3      | Reached skill level 4 in Fighting
  3039 | D:3      | HP: 3/46 [gnoll/+0 spear (5)]
  3040 | D:3      | Slain by a gnoll

Vanquished Creatures
  An orc priest (D:3)
  An orc wizard (D:3)
  6 gnolls (D:3)
  4 adders
  2 ribbon worms (D:2)
  An orc (D:3)
  3 endoplasms
  4 goblins
  4 hobgoblins
  5 jackals
  2 quokkas
  13 ball pythons
  2 bats
  5 frilled lizards
  7 kobolds
  2 rats
62 creatures vanquished.

Vanquished Creatures (collateral kills)
  A hobgoblin (D:1)
  A ball python (D:2)
2 creatures vanquished.

Grand Total: 64 creatures vanquished

Table legend: (Time is in decaauts)
 A = Elapsed time spent in this place.
 B = Non-inter-level travel time spent in this place.
 C = Inter-level travel time spent in this place.
 D = Time resting spent in this place.
 E = Time spent auto-exploring this place.
 F = Levels seen in this place.
 G = Mean time per level.
                   A        B        C        D        E       F      G
               +--------+--------+--------+--------+--------+-----+--------+
         Total |   3053 |   2974 |     79 |    232 |   2252 |   3 | 1017.7 |
       Dungeon |   3053 |   2974 |     79 |    232 |   2252 |   3 | 1017.7 |
               +--------+--------+--------+--------+--------+-----+--------+

Top non-repeatable levels by time:
     D:2: 1229 daAuts
     D:3: 917 daAuts
     D:1: 906 daAuts

Table legend:
 A = Non-vault XP
 B = Vault XP
 C = Vault XP percentage of total XP
 D = Non-vault monster count
 E = Vault monster count
 F = Vault count percentage of total count
                 A         B        C        D         E       F
            +---------+---------+-------+---------+---------+-------
      Total |     304 |       4 |   1.3 |      62 |       2 |   3.1
            +---------+---------+-------+---------+---------+-------
        D:1 |      32 |       0 |   0.0 |      21 |       0 |   0.0
        D:2 |      62 |       0 |   0.0 |      20 |       0 |   0.0
        D:3 |     210 |       4 |   1.9 |      21 |       2 |   8.7
            +---------+---------+-------+---------+---------+-------
